 Dungeon Crawl Stone Soup version 0.17-a0-2127-g1cb09f6 (webtiles) character file.

1763 Maka the Martial Artist (level 8, -2/59 HPs)
             Began as a White Draconian Transmuter on Oct 22, 2015.
             Was a Believer of Okawaru.
             Hit by a stone thrown by an orc warrior (10 damage)
             ... on level 7 of the Dungeon.
             The game lasted 00:13:39 (6428 turns).

Maka the Martial Artist (DrTm)                      Turns: 6428, Time: 00:13:39

Health: -2/59      AC: 10    Str: 13    XL:     8   Next: 79%
Magic:  12/14      EV: 19    Int: 13    God:    Okawaru [**....]
Gold:   354        SH:  0    Dex: 14    Spells: 3 memorised, 9 levels left

rFire  . . .     SeeInvis .       - Unarmed
rCold  + . .     Clarity  .     (armour unavailable)
rNeg   . . .     SustAt   +     (no shield)
rPois  .         Gourm    .     (helmet restricted)
rElec  .         Spirit   .     p - +1 cloak
rCorr  .         Warding  .     D - +0 pair of gloves
rMut   .         Stasis   .     u - +0 pair of boots
MR     .....                    (no amulet)
Stlth  +++.......               x - ring of sustain attributes
                                q - ring of flight

@: short of breath, appendage, heroism, not resistant to hostile enchantments,
fairly stealthy
A: breathe frost, unfitting armour, horns 2, cold resistance 1, cold-blooded, AC
+6
a: Breathe Frost, End Transformation, Heroism, Renounce Religion, Evoke Flight


You were on level 7 of the Dungeon.
You worshipped Okawaru.
Okawaru was pleased with you.
You were not hungry.
You had grown temporary horns.
You visited 2 branches of the dungeon, and saw 8 of its levels.

You collected 354 gold pieces.

Inventory:

Missiles
 a - 115 arrows
 g - a throwing net (quivered)
 h - 10 arrows of flame
Armour
 p - a +1 cloak (worn)
 u - a +0 pair of boots (worn)
 D - a +0 pair of gloves (worn)
Jewellery
 q - a ring of flight (left hand)
 x - a ring of sustain attributes (right hand)
Wands
 f - a wand of frost (21)
 l - a wand of digging (18)
 t - a wand of confusion (37)
 G - a wand of disintegration (14)
Scrolls
 i - 3 scrolls of remove curse
 o - a scroll of fog {unknown}
 r - a scroll of blinking {unknown}
 v - a scroll of enchant weapon {unknown}
 y - a scroll of random uselessness {unknown}
 z - a scroll of recharging {unknown}
 E - a scroll of amnesia {unknown}
Potions
 d - a potion of flight
 e - a potion of brilliance
 j - 2 potions of haste
 k - 4 potions of curing
 m - a potion of invisibility
 n - a potion of lignification {unknown}
 w - a potion of beneficial mutation {unknown}
 F - a potion of heal wounds {unknown}
Books
 b - a book of Changes

   Spells                             Type                      Level
   a - Beastly Appendage              Transmutation                1
   b - Sticks to Snakes               Transmutation                2
   c - Spider Form                    Transmutation/Poison         3
   d - Ice Form                       Ice/Transmutation            4
   e - Blade Hands                    Transmutation                5
 A - a book of Burglary

   Spells                             Type                      Level
   a - Swiftness                      Charms/Air                   2
   b - Passwall                       Transmutation/Earth          3
   c - Passage of Golubria            Translocation                4
   d - Lee's Rapid Deconstruction     Earth                        5
   e - Darkness                       Hexes                        6
   f - Invisibility                   Hexes                        6
 C - a book of Battle

   Spells                             Type                      Level
   a - Infusion                       Charms                       1
   b - Shroud of Golubria             Charms/Translocation         2
   c - Song of Slaying                Charms                       2
   d - Spectral Weapon                Hexes/Charms                 3
   e - Regeneration                   Charms/Necromancy            3
Comestibles
 c - 5 bread rations
 s - a meat ration
 B - 4 fruits


   Skills:
 - Level 1.1(6.1) Fighting
 - Level 6.2(11.2) Dodging
 - Level 8.0(13.0) Unarmed Combat
 + Level 4.2 Spellcasting
 - Level 4.1 Transmutations


You had 9 spell levels left.
You knew the following spells:

 Your Spells              Type           Power        Failure   Level  Hunger
a - Beastly Appendage     Trmt           ##....       4%          1    None
b - Sticks to Snakes      Trmt           ##........   8%          2    ##.....
c - Spider Form           Trmt/Pois      #.........   28%         3    ###....


Dungeon Overview and Level Annotations

Branches:
Dungeon (7/15)             Temple (1/1) D:4

Altars:
Cheibriados
Fedhas
Gozag
Kikubaaqudgha
Makhleb
Nemelex Xobeh
Okawaru
Qazlal
Ru
Vehumet
Yredelemnul
Zin

Annotations:
D:4 exclusion: oklob sapling


Innate Abilities, Weirdness & Mutations

You can breathe waves of freezing cold.
You can buffet flying creatures when you breathe cold.
Your icy white scales are hard (AC +6).
Your body does not fit into most forms of armour.
Your flesh is cold resistant.
You are cold-blooded and may be slowed by cold attacks.
You have a pair of horns on your head.


Message History

You hit the orc warrior but do no damage.
You headbutt the orc warrior, but do no damage.
The orc warrior is moderately wounded.
The orc warrior hits you but does no damage.
You hit the orc warrior. Your headbutt misses the orc warrior.
You tail-slap the orc warrior, but do no damage.
The orc warrior is heavily wounded.
The orc warrior hits you with a scimitar of distortion!
You hit the orc warrior. You headbutt the orc warrior.
The orc warrior is severely wounded.
The orc warrior hits you with a scimitar of distortion!!
* * * LOW HITPOINT WARNING * * *
Space bends around you.
* * * LOW HITPOINT WARNING * * *
You see here a stone.
Use which ability?
You gain the combat prowess of a mighty hero.
You feel slightly more hungry.
The orc warrior throws a stone.
The stone hits you!
You die...

#.##.........#
#..'...).....#
####.........#
#.....(...#
#######'### #(#
#(# #(# #@#
#.################
#.o(..............
##################


You could see an orc warrior.

Vanquished Creatures
  The ghost of Gargoyl the Skirmisher, a novice DsAK of Lugonu (D:7)
  Sigmund (D:4)
  2 ice beasts
  2 centaurs (D:6)
  An ogre (D:6)
  A giant frog (D:6)
  A centaur zombie (D:7)
  A crimson imp (D:5)
  3 orc priests
  An iguana (D:6)
  2 jellies
  Jessica (D:2)
  A centaur skeleton (D:6)
  4 orc wizards
  3 worker ants
  2 hound skeletons
  8 gnolls
  A shadow imp (D:3)
  6 adders
  2 oozes
  An adder skeleton (D:4)
  An adder zombie (D:6)
  5 worms
  7 giant geckos
  24 orcs
  10 bats
  2 giant cockroaches
  7 hobgoblins
  9 jackals
  4 quokkas
  2 giant gecko skeletons
  A giant gecko zombie (D:5)
  A giant newt (D:1)
  4 goblins
  4 kobolds (D:1)
  2 quokka skeletons (D:4)
  6 rats
  2 plants (D:4)
136 creatures vanquished.

Notes
Turn   | Place    | Note
--------------------------------------------------------------
     0 | D:1      | Maka the Draconian Transmuter began the quest for the Orb.
     0 | D:1      | Reached XP level 1. HP: 16/16 MP: 3/3
   239 | D:1      | Reached XP level 2. HP: 23/23 MP: 5/5
   689 | D:2      | Reached skill level 4 in Unarmed Combat
   696 | D:2      | Noticed Jessica
   702 | D:2      | Killed Jessica
   702 | D:2      | Reached XP level 3. HP: 23/28 MP: 4/6
  1000 | D:2      | Reached XP level 4. HP: 26/35 MP: 5/7
  1015 | D:2      | Found a glowing silver altar of Zin.
  1020 | D:2      | Found a sparkling altar of Nemelex Xobeh.
  1023 | D:2      | Found a snail-covered altar of Cheibriados.
  1334 | D:2      | Reached skill level 5 in Unarmed Combat
  1688 | D:3      | Found a basalt altar of Yredelemnul.
  2106 | D:3      | Reached XP level 5. HP: 6/40 MP: 6/8
  2334 | D:4      | Reached skill level 6 in Unarmed Combat
  2438 | D:4      | Found a stormy altar of Qazlal.
  2482 | D:4      | Found a staircase to the Ecumenical Temple.
  2573 | Temple   | Entered the Ecumenical Temple
  2581 | Temple   | Became a worshipper of Warmaster Okawaru
  3027 | D:4      | Reached XP level 6. HP: 27/47 MP: 9/9
  3263 | D:4      | Noticed Sigmund
  3281 | D:4      | Killed Sigmund
  3281 | D:4      | Reached * piety under Okawaru
  3281 | D:4      | Reached skill level 7 in Unarmed Combat
  3545 | D:5      | Entered Level 5 of the Dungeon
  3604 | D:5      | Learned a level 2 spell: Sticks to Snakes
  3608 | D:5      | Learned a level 3 spell: Spider Form
  3874 | D:5      | Reached skill level 8 in Unarmed Combat
  3893 | D:5      | Your scales start taking on an icy white colour.
  3893 | D:5      | Gained mutation: Your flesh is cold resistant. [White Draconian growth]
  3893 | D:5      | Reached XP level 7. HP: 52/52 MP: 10/10
  4623 | D:6      | Found a blossoming altar of Fedhas.
  4750 | D:6      | Found a sacrificial altar of Ru.
  4770 | D:6      | Reached ** piety under Okawaru
  4856 | D:5      | Reached skill level 5 in Dodging
  5149 | D:6      | Reached XP level 8. HP: 57/59 MP: 9/11
  5605 | D:7      | Noticed Gargoyl's ghost (novice DsAK)
  5917 | D:7      | Killed Gargoyl's ghost
  6428 | D:7      | Hit by a stone thrown by an orc warrior

Vault maps used:
D:1:      dpeg_arrival_concentric_ovals
D:2:      grunt_temple_overflow_diamond, uniq_jessica
D:3:      lemuel_coloured_pillars_altar, first_bread
D:4:      minmay_temple_entry_oklob, nicolae_qazlal_general_emergency,
          uniq_sigmund
D:5:      kennysheep_generic_room_8
D:6:      overflow_temple_1_default, nicolae_ru_awakened_eye
Temple:   temple_eino_lava_12

Action                   |  1- 3 |  4- 6 |  7- 9 || total
-------------------------+-------+-------+-------++-------
Melee: Unarmed           |    59 |   319 |   252 ||   630
 Cast: Beastly Appendage |     5 |    11 |    11 ||    27
       Spider Form       |       |       |     1 ||     1
Invok: Heroism           |       |       |     2 ||     2
 Abil: Breathe Frost     |       |       |     4 ||     4
  Use: Scroll            |       |     4 |     5 ||     9
       Potion            |       |       |     2 ||     2
 Stab: Sleeping          |       |     1 |     2 ||     3
  Eat: Chunk             |       |     8 |     3 ||    11
       Pizza             |       |     1 |     2 ||     3
       Royal jelly       |       |       |     2 ||     2
